 Dungeon Crawl Stone Soup version 0.25.0-1-g7eea58d2a3 (webtiles) character file.

Game seed: 7237864059284570223

5954 diana the Fighter (level 10, -4/80 HPs)
             Began as a Demonspawn Fighter on June 14, 2020.
             Was an Elder of Okawaru.
             Slain by an orc warrior
             ... wielding a +2 vorpal flail
              (11 damage)
             ... on level 10 of the Dungeon.
             The game lasted 00:20:54 (12619 turns).

diana the Fighter (Demonspawn Fighter)             Turns: 12619, Time: 00:20:55

Health: -4/80      AC: 24    Str: 20    XL:     10   Next: 54%
Magic:  0/15       EV:  9    Int: 12    God:    Okawaru [****..]
Gold:   563        SH: 11    Dex: 13    Spells: 9/9 levels left

rFire    + . .     SeeInvis .   a - +0 war axe
rCold    + + .     Gourm    .   c - +0 kite shield
rNeg     . . .     Faith    .   k - +0 swamp dragon scales
rPois    +         Spirit   +   F - +1 helmet {Int+3}
rElec    .         Reflect  .   (no cloak)
rCorr    .         Harm     .   n - +0 pair of gloves
MR       .....                  (no boots)
Stlth    ..........             u - amulet of guardian spirit
HPRegen  0.23/turn              E - ring of protection from cold
MPRegen  0.14/turn              y - ring of protection from fire

@: no status effects
A: claws 1, hooves 1, icy blue scales 1, cold resistance 1, icemail, powered by
death 1, freezing cloud immunity, MP-powered wands
a: Heroism, Renounce Religion


You were on level 10 of the Dungeon.
You worshipped Okawaru.
Okawaru was greatly pleased with you.
You were very hungry.

You visited 1 branch of the dungeon, and saw 10 of its levels.

You collected 563 gold pieces.

Inventory:

Hand Weapons
 a - a +0 war axe (weapon)
Missiles
 i - 2 throwing nets (quivered)
Armour
 b - a +0 scale mail
 c - a +0 kite shield (worn)
 k - +0 swamp dragon scales (worn)
 n - a +0 pair of gloves (worn)
 F - a +1 helmet of intelligence (worn)
Jewellery
 u - an amulet of guardian spirit (around neck)
 y - a ring of protection from fire (right hand)
 E - a ring of protection from cold (left hand)
 G - an uncursed amulet of regeneration {unknown}
 H - an uncursed ring of see invisible
 I - an uncursed amulet of regeneration {unknown}
Wands
 d - a wand of flame (23)
 C - a wand of digging (7)
Scrolls
 e - 4 scrolls of identify
 g - 9 scrolls of remove curse
 j - 2 scrolls of enchant armour {unknown}
 l - a scroll of enchant weapon {unknown}
 m - 4 scrolls of amnesia
 s - a scroll of magic mapping {unknown}
 t - 2 scrolls of blinking {unknown}
 v - a scroll of random uselessness {unknown}
 w - a scroll of fog {unknown}
 B - a scroll of immolation {unknown}
Potions
 h - 3 potions of degeneration
 o - 3 potions of flight
 p - a potion of cancellation
 r - 3 potions of curing
 x - 2 potions of stabbing
 A - 2 potions of magic
 J - a potion of mutation
Comestibles
 f - 17 rations


   Skills:
 + Level 8.0 Fighting
 + Level 6.9 Axes
 + Level 7.3 Armour
 + Level 7.3 Shields
 + Level 7.8 Invocations


You had 9 spell levels left.
You didn't know any spells.
Your spell library was empty.

Dungeon Overview and Level Annotations

Branches:
Dungeon (10/15)            Temple (0/1) D:4            Lair (0/6) D:8
    Orc: D:9-12

Altars:
Ashenzari
Gozag
Hepliaklqana
Okawaru
Trog
Wu Jian
Xom

Annotations:
D:5 1 runed translucent door, nihilominus's ghost, novice OpWz
D:6 2 transporters, Masnef's ghost, novice BaAM


Innate Abilities, Weirdness & Mutations

You have sharp fingernails.
You are partially covered in icy blue scales. (AC +2)
Your flesh is cold resistant. (rC+)
A meltable icy envelope protects you from harm. (AC +10)
You regenerate a little health from kills.
You are immune to freezing clouds.
You have large cloven feet.
You expend magic power (3 MP) to strengthen your wands.


Message History

You block the cyan ugly thing's attack.
You see here 2 arrows.
You see here an arrow.
The cyan ugly thing gores you. The cyan ugly thing shocks you!
* * * LOW HITPOINT WARNING * * *
The orc priest shouts!
The orc priest looks satisfied for a moment.
The orc priest invokes the aid of Beogh against you.
You struggle to resist.
Okay, then.
Okay, then.
Okay, then.
The orc warrior shouts!
The orc priest hits you but does no damage.
You block the cyan ugly thing's attack.
The orc priest calls down the wrath of Beogh upon you.
Beogh smites you!
* * * LOW HITPOINT WARNING * * *
The orc warrior hits you with a +2 vorpal flail!
You die...

#......# #......# #......#
#...<..# ##########......#
#...(...........####
#..................#####
######.........o.....##(....#
..........o..Ku.@....##.(...###
######.......o.......##.....K.###
#.........###(..##.......... ####
#.........#...#.....K#####.( o..#
#####.#####.#.######...##### ##.#
#...##..### #.#...### #.#
###....#### #.###..## #K###
###.....## #.##..... #...###
##(##..#####.##.....


You could see a cyan ugly thing, 2 orc warriors, an orc priest and a kobold.

Vanquished Creatures
  Erica (D:8)
  Pikel (D:8)
  A centaur zombie (D:10)
  Maggie (D:9)
  A hippogriff (D:10)
  Sigmund (D:3)
  A hungry ghost (D:9)
  Duvessa (D:4)
  A water moccasin (D:6)
  2 slaves
  2 black bears
  A sky beast (D:6)
  3 orc warriors
  A necrophage (D:7)
  A hornet zombie (D:6)
  An ice beast (D:6)
  A phantom (D:10)
  5 ogres
  A centaur (D:10)
  4 big kobolds
  A gnoll sergeant (D:10)
  3 bullfrogs
  Dowan (D:4)
  A scorpion (D:4)
  6 killer bees (D:7)
  7 wights
  3 crimson imps
  2 jellies (D:6)
  4 orc priests
  A bullfrog skeleton (D:5)
  A gnoll shaman (D:7)
  4 orc wizards
  A centaur skeleton (D:9)
  2 iguanas (D:10)
  Terence (D:2)
  4 worker ants
  A killer bee zombie (D:10)
  A hound skeleton (D:9)
  3 hound zombies
  9 gnolls
  A howler monkey skeleton (D:9)
  9 adders
  2 shadow imps
  An ooze (D:4)
  4 worms
  A dart slug (D:2)
  4 leopard geckos
  36 orcs
  2 giant cockroaches (D:1)
  7 goblins
  4 hobgoblins
  2 jackals (D:2)
  6 quokkas
  3 ball pythons
  8 bats
  3 frilled lizards
  21 kobolds
  A leopard gecko zombie (D:7)
  3 rats
205 creatures vanquished.

Vanquished Creatures (others)
  A wizard (D:6)
  A slave (D:8)
  3 orcs (D:8)
  A kobold (D:10)
6 creatures vanquished.

Grand Total: 211 creatures vanquished

Notes
Turn   | Place    | Note
-------+----------+-------------------------------------------
     0 | D:1      | diana the Demonspawn Fighter began the quest for the Orb.
     0 | D:1      | Reached XP level 1. HP: 18/18 MP: 1/1
   504 | D:1      | Gained mutation: You have sharp fingernails. [demonic
                  | ancestry]
   504 | D:1      | Reached XP level 2. HP: 24/24 MP: 2/2
  1265 | D:2      | Noticed Terence
  1272 | D:2      | Killed Terence
  1272 | D:2      | Gained mutation: You regenerate a little health from kills.
                  | [demonic ancestry]
  1272 | D:2      | Reached XP level 3. HP: 16/29 MP: 3/3
  1881 | D:2      | Gained mutation: Your flesh is cold resistant. (rC+)
                  | [demonic ancestry]
  1881 | D:2      | Reached XP level 4. HP: 36/36 MP: 4/4
  2824 | D:3      | Noticed Sigmund
  3011 | D:3      | Killed Sigmund
  3011 | D:3      | Reached skill level 4 in Fighting
  3011 | D:3      | Reached XP level 5. HP: 20/42 MP: 3/5
  3011 | D:3      | Gained mutation: You are immune to freezing clouds.
                  | [demonic ancestry]
  3011 | D:3      | Reached XP level 6. HP: 23/48 MP: 3/6
  3368 | D:3      | Found an iron altar of Okawaru.
  3378 | D:3      | Became a worshipper of Warmaster Okawaru
  4050 | D:4      | Found a staircase to the Ecumenical Temple.
  4244 | D:4      | Noticed Duvessa
  4244 | D:4      | Noticed Dowan
  4244 | D:4      | You fall into a shaft and drop 2 floors!
  4426 | D:6      | Noticed an ice beast
  4436 | D:6      | Killed an ice beast
  4436 | D:6      | Reached * piety under Okawaru
  4436 | D:6      | Reached XP level 7. HP: 39/55 MP: 5/7
  4594 | D:6      | Reached skill level 5 in Fighting
  4603 | D:5      | Entered Level 5 of the Dungeon
  4672 | D:5      | Found a runed translucent door.
  4672 | D:5      | Noticed nihilominus's ghost (novice OpWz)
  4753 | D:5      | Reached skill level 1 in Invocations
  5217 | D:5      | Reached skill level 5 in Shields
  5217 | D:5      | Reached XP level 8. HP: 23/63 MP: 4/9
  5536 | D:4      | Reached skill level 5 in Armour
  5850 | D:6      | Found a bloodstained altar of Trog.
  5855 | D:6      | Reached ** piety under Okawaru
  5893 | D:6      | Found a transporter.
  5894 | D:6      | Noticed Masnef's ghost (novice BaAM)
  5916 | D:6      | Found a transporter.
  6538 | D:6      | Noticed a wizard
  6541 | D:6      | Killed a wizard
  6746 | D:7      | Reached skill level 6 in Fighting
  6746 | D:7      | Reached skill level 5 in Axes
  7557 | D:7      | Gained mutation: You are partially covered in icy blue
                  | scales. (AC +2) [demonic ancestry]
  7557 | D:7      | Reached XP level 9. HP: 26/69 MP: 4/12
  8214 | D:7      | Found a burning altar of Makhleb.
  8216 | D:7      | Found a bloodstained altar of Trog.
  8216 | D:7      | Found an ornate altar of the Wu Jian Council.
  8218 | D:7      | Found a shattered altar of Ashenzari.
  8218 | D:7      | Found a white marble altar of Elyvilon.
  8218 | D:7      | Found a shimmering altar of Xom.
  8245 | D:7      | Reached *** piety under Okawaru
  8712 | D:4      | Killed Duvessa
  8712 | D:4      | Reached skill level 5 in Invocations
  8724 | D:4      | Killed Dowan
  9055 | D:8      | Noticed Pikel
  9383 | D:8      | Noticed Erica
  9665 | D:8      | Found a staircase to the Lair.
  9744 | D:8      | Killed Pikel
  9861 | D:8      | Reached skill level 7 in Fighting
 10306 | D:8      | Noticed Maggie
 10329 | D:9      | Killed Maggie
 10462 | D:8      | Found a hazy altar of Hepliaklqana.
 10462 | D:8      | Noticed a deep elf mage
 10462 | D:8      | Noticed a deep elf mage
 10834 | D:9      | Found an opulent altar of Gozag.
 11238 | D:10     | Entered Level 10 of the Dungeon
 11261 | D:10     | Gained mutation: A meltable icy envelope protects you from
                  | harm. (AC +10) [demonic ancestry]
 11261 | D:10     | Reached XP level 10. HP: 73/79 MP: 14/14
 11729 | D:8      | Killed Erica
 11729 | D:8      | Reached **** piety under Okawaru
 12140 | D:10     | Reached skill level 8 in Fighting
 12155 | D:10     | Noticed a cyan ugly thing
 12221 | D:10     | HP: 4/80 [cyan ugly thing (14)]
 12528 | D:10     | Gained mutation: You expend magic power (3 MP) to
                  | strengthen your wands. [potion of mutation]
 12528 | D:10     | Gained mutation: You have large cloven feet. [potion of
                  | mutation]
 12619 | D:10     | Slain by an orc warrior

Illustrated notes

Levels and vault maps discovered:
D:1:      kilobyte_arrival_exit_the_forest, layout_basic
D:2:      layout_loops_ring, minmay_splitting_lines, columned_hall_lemuel,
          uniq_terence
D:3:      layout_rooms, kennysheep_okawaru_gauntlet, first_ration, uniq_sigmund
D:4:      layout_basic, temple_statues, uniq_duvessa
D:5:      layout_loops_ring, hellmonk_ghost_happy_afterlife
D:6:      layout_cave_pools, gammafunk_ghost_stat_death, trog_wizard
D:7:      layout_loops_ring, doesnt_xom_only_xom
D:8:      layout_basic, dpeg_oklobed_lair, grunt_ogre_cave,
          david_defended_altar_elf, uniq_maggie, uniq_pikel, uniq_erica
D:9:      layout_basic, chequers_serial_rivers_micro_e, grunt_gozag_breadcrumbs
D:10:     layout_rooms, special_room [special_room_orc]

Skill      XL: |  1  2  3  4  5  6  7  8  9 10 |
---------------+-------------------------------+-----
Axes           | 2 3 4 5 6 |  6.9
Shields        | 3 4 5 6 7 |  7.3
Armour         | 3 4 5 6 7 |  7.3
Fighting       | 4 5 6 7 8 |  8.0
Invocations    | 1 4 6 7 |  7.8

Action                   |  1- 3 |  4- 6 |  7- 9 | 10-12 || total
-------------------------+-------+-------+-------+-------++-------
Melee: War axe           |    83 |   196 |   593 |   200 ||  1072
       Kick              |       |       |       |     4 ||     4
Invok: Heroism           |       |       |     8 |     5 ||    13
Evoke: Wand              |       |       |     3 |       ||     3
  Use: Potion            |     2 |     4 |     7 |     4 ||    17
       Scroll            |       |     2 |     8 |     1 ||    11
  Eat: Chunk             |     2 |     9 |    14 |     5 ||    30
       Ration            |       |       |     4 |       ||     4
Armor: Scale mail        |    35 |   111 |   253 |       ||   399
       Skin              |       |    14 |     8 |       ||    22
       Swamp dragon scal |       |       |    42 |    93 ||   135
Dodge: Dodged            |    30 |    64 |   175 |    84 ||   353
Block: Kite shield       |    43 |   110 |   332 |   133 ||   618
